 Dungeon Sprint DCSS version 0.14-a0-586-g2535b90 (webtiles) character file.

16 MDvedh the Gusty (level 2, 0/22 HPs)
             Began as a Djinni Air Elementalist on Nov 3, 2013.
             Was an Initiate of Sif Muna.
             Slain by a big kobold
             ... wielding a +0,+1 orcish short sword
              (5 damage)
             ... in the Dungeon (Sprint IX: "|||||||||||||||||||||||||||||").
             The game lasted 00:01:23 (196 turns).

MDvedh the Gusty (Djinni Air Elementalist)           Turns: 196, Time: 00:01:23

HP   0/22        AC  4     Str  8      XL: 2   Next: 41%
MP   0/0         EV 14     Int 18      God: Sif Muna [......]
Gold 0           SH  0     Dex 13      Spells:  2 memorised,  4 levels left

Res.Fire  : + + +   See Invis. : .   (no weapon)
Res.Cold  : x . .   Warding    : .   a - +0 robe
Life Prot.: + + +   Conserve   : .   (no shield)
Res.Poison: .       Res.Corr.  : .   q - +0 dwarf helmet
Res.Elec. : .       Clarity    : .   (no cloak)
Sust.Abil.: . .     Spirit.Shd : .   p - +0 pair of gloves
Res.Mut.  : .       Prev.Telep.: +   (boots unavailable)
Res.Rott. : .       Flight     : +   (no amulet)
Saprovore : . . .                    m - +3 ring of intelligence
                                     n - +2 ring of evasion

@: flying, very slightly contaminated, not resistant to hostile enchantments,
fairly stealthy
A: fire immunity, cold vulnerability, life protection 3
a: Renounce Religion


You were in the Dungeon.
You worshipped Sif Muna.
Sif Muna was noncommittal.
You were not hungry.

You visited 1 branch

Inventory:

Hand weapons
 o - the +2,+2 scimitar of Noikieqa {slice, Int+3}
   (You found it in the Dungeon)

   It inflicts extra damage upon your enemies.
   It affects your intelligence (+3).
Armour
 a - a +0 robe (worn)
 p - a +0 pair of gloves (worn)
 q - a +0 dwarven helmet (worn)
Magical devices
 l - a wand of fire (7)
Scrolls
 i - 2 scrolls of blinking
 j - 3 scrolls of remove curse
 k - 2 scrolls of amnesia
Jewellery
 m - a +3 ring of intelligence (right hand)
 n - a +2 ring of evasion (left hand)
Potions
 c - a potion of invisibility
 d - 5 potions of curing
 e - 2 potions of heal wounds
 f - a potion of speed
 g - 4 potions of magic
 h - a potion of berserk rage
Books
 b - a book of Air

   Spells                             Type                      Level
   *Shock                             Conjuration/Air              1
   *Swiftness                         Charms/Air                   2
   Repel Missiles                     Charms/Air                   2
   Flight                             Charms/Air                   3
   Static Discharge                   Conjuration/Air              3
   Lightning Bolt                     Conjuration/Air              5


   Skills:
 - Level 1.7 Dodging
 - Level 1.5 Stealth
 - Level 3.0 Spellcasting
 + Level 3.4 Conjurations
 + Level 5.0 Air Magic


You had 4 spell levels left.
You knew the following spells:

 Your Spells              Type           Power        Failure   Level  Hunger
a - Shock                 Conj/Air       ###.         3%          1    None
b - Swiftness             Chrm/Air       ##........   12%         2    ##.....


Dungeon Overview and Level Annotations

Branches:
Dungeon (1/1)

Altars:
Ashenzari
Cheibriados
Elyvilon
Fedhas
Kikubaaqudgha
Makhleb
Nemelex Xobeh
Okawaru
Sif Muna
Trog
Vehumet
Xom
Yredelemnul
Zin
the Shining One


Innate Abilities, Weirdness & Mutations

You are immune to all types of fire, even holy and hellish.
You are vulnerable to cold.
You need no food.
You have no legs.
You are immune to negative energy.


Message History

Unknown command.
You see here a +2 ring mail.
Casting: Shock
Confirm with . or Enter, or press ? or * to list all spells.
Aiming: Shock
Press: ? - help, Shift-Dir - straight line, f/p - big kobold
Aim: a big kobold, wielding an orcish short sword (heavily wounded)
The zap hits the big kobold.
The big kobold is heavily wounded.
The zap hits the hobgoblin.
You kill the hobgoblin!
Your Air Magic skill increases to level 5!
The zap hits the yak.
The yak is heavily wounded.
The zap hits the kobold.
You kill the kobold!
The zap hits the yellow wasp.
The yellow wasp is lightly wounded.
The big kobold hits you with an orcish short sword.
You die... ############################# ___________'..|)@K[Y.'y.T...+ #############################

You could see a yak, a troll, a big kobold and a yellow wasp.

Vanquished Creatures
  2 oozes (D)
  3 bats (D)
  A hobgoblin (D)
  4 kobolds (D)
  A quokka (D)
  A rat (D)
12 creatures vanquished.

Notes
Turn   | Place    | Note
--------------------------------------------------------------
     0 | D        | MDvedh, the Djinni Air Elementalist, began the quest for the Orb.
     0 | D        | Reached XP level 1. HP: 14/14 MP: 0/0
    12 | D        | Reached skill level 4 in Air Magic
    78 | D        | Reached XP level 2. EP: 18/22
    83 | D        | HP: 1/22 [ooze (2)]
   112 | D        | Found a shattered altar of Ashenzari.
   112 | D        | Found a deep blue altar of Sif Muna.
   112 | D        | Found a burning altar of Makhleb.
   112 | D        | Found a glowing silver altar of Zin.
   112 | D        | Found a glowing golden altar of the Shining One.
   112 | D        | Found a white marble altar of Elyvilon.
   112 | D        | Found a blossoming altar of Fedhas.
   113 | D        | Found an ancient bone altar of Kikubaaqudgha.
   114 | D        | Found a sparkling altar of Nemelex Xobeh.
   115 | D        | Found a bloodstained altar of Trog.
   116 | D        | Found a shimmering altar of Xom.
   117 | D        | Found an iron altar of Okawaru.
   118 | D        | Found a basalt altar of Yredelemnul.
   119 | D        | Found a snail-covered altar of Cheibriados.
   120 | D        | Found a radiant altar of Vehumet.
   121 | D        | Found a deep blue altar of Sif Muna.
   122 | D        | Found a glowing silver altar of Zin.
   130 | D        | Became a worshipper of Sif Muna the Loreminder
   155 | D        | Got the +2,+2 scimitar of Noikieqa {slice, Int+3}
   167 | D        | Learned a level 2 spell: Swiftness
   188 | D        | Noticed a big kobold
   188 | D        | Noticed a yak
   188 | D        | Noticed a yellow wasp
   188 | D        | Noticed a troll
   196 | D        | Reached skill level 5 in Air Magic
   196 | D        | Slain by a big kobold

Action                   || total
-------------------------++-------
 Cast: Shock             ||    14
       Swiftness         ||     1
  Use: Potion            ||     1
